 Dungeon Crawl Stone Soup version 0.20.1-1-g8b1a95d66d (webtiles) character file.

45 NullDivider the Charlatan (level 3, 0/23 HPs)
             Began as an Octopode Artificer on Dec 12, 2017.
             Slain by a gnoll
             ... wielding a +0 flail
              (6 damage)
             ... on level 2 of the Dungeon.
             The game lasted 00:05:32 (1393 turns).

NullDivider the Charlatan (Octopode Artificer)      Turns: 1393, Time: 00:05:33

Health: 0/23       AC:  1    Str: 11    XL:     3   Next: 64%
Magic:  5/5        EV: 13    Int: 13    God:
Gold:   41         SH:  0    Dex: 13    Spells: 2/2 levels left

rFire    . . .     SeeInvis .   a - +0 short sword
rCold    . . .     Gourm    .   (no shield)
rNeg     . . .     Faith    .   (helmet restricted)
rPois    .         Spirit   .   (no amulet)
rElec    .         Reflect  .   (no ring)
rCorr    .         Harm     .   (no ring)
MR       .....                  (no ring)
Stlth    +++.......             (no ring)
Regen    0.1/turn               (no ring)
MPRegen  0.1/turn               (no ring)
                                (no ring)
                                (no ring)

@: no status effects
A: almost no armour, stealthy swim, amphibious, 8 rings, constrict 8, camouflage
1, gelatinous body 1
a: no special abilities


You were on level 2 of the Dungeon.
You were not hungry.

You visited 1 branch of the dungeon, and saw 2 of its levels.

You collected 41 gold pieces.

Inventory:

Hand Weapons
 a - a +0 short sword (weapon)
Jewellery
 n - an uncursed ring of see invisible {unknown}
Wands
 b - a wand of flame (15/48)
 c - a wand of enslavement (14/24)
 d - a wand of random effects (15/48)
Scrolls
 e - 2 scrolls of amnesia {unknown}
 g - 3 scrolls of identify {unknown}
 h - a scroll of immolation {unknown}
 m - a scroll of recharging {unknown}
Potions
 i - a potion of heal wounds {unknown}
 k - 2 potions of agility {unknown}
 o - a potion of curing {unknown}
Comestibles
 f - 2 bread rations
 j - 2 chunks of flesh
 l - a meat ration


   Skills:
 + Level 1.6 Fighting
 + Level 1.3 Short Blades
 + Level 2.3 Dodging
 * Level 2.9 Stealth
 + Level 3.8 Evocations


You had 2 spell levels left.
You didn't know any spells.

Dungeon Overview and Level Annotations

Branches:
Dungeon (2/15)

Altars:
Dithmenos


Innate Abilities, Weirdness & Mutations

You cannot wear most types of armour.
You are very stealthy in the water. (Stealth+)
You are amphibious.
You can wear up to eight rings at the same time.
You can use your tentacles to constrict eight enemies at once.
Your skin changes colour to match your surroundings (Stealth+).
Your rubbery body absorbs attacks. (AC +1, EV +1)


Message History

A gnoll comes into view. It is wielding a flail.
A gnoll comes into view. It is wielding a spear.
The gnoll shouts! x3; You hear an angry hiss.
A bat comes into view.
Evoke which item? (* to show all) (? for menu, Esc to quit)
Aiming: Enslavement
Press: ? - help, Shift-Dir - straight line, f - gnoll
Aim: a gnoll, wielding a spear (chance to defeat MR: 66%)
The gnoll is charmed.
This wand has 14 charges left.
The gnoll misses you. The gnoll hits you with a flail!
Ouch! That really hurt!
A leopard gecko comes into view.
Your gnoll closely misses something.
The gnoll hits you from afar with a spear.
* * * LOW HITPOINT WARNING * * *
Something hits the gnoll.
The bat hits something but does no damage.
There is a stone staircase leading up here.
The bat hits you but does no damage. The gnoll hits you with a flail.
You die...

#(.##.##.##.###...### #.....#
#...................# #.....###
#..#..........#...<.###.......##
.................#...##..(((...#
##..#.##.##...##.##.†)..........#
....###...##..##.##.............#
##..##.....##..b.###............#
##.#.(.....#....####...........#
#....._....ggg@........>......#
#.#......l####.####.J........##
####.....## #.# ##..........
##..g## #.# .......... ##.## #.#
......... ..........# ... .......
.......g...# ... .......
............. ... .>.....
............## .......


You could see 2 gnolls, an ooze (wandering), a leopard gecko, a bat and a
friendly gnoll.

Vanquished Creatures
  An adder (D:2)
  4 dart slugs
  4 bats
  A giant cockroach (D:1)
  7 goblins
  A frilled lizard (D:2)
  3 kobolds
  6 rats
27 creatures vanquished.

Notes
Turn   | Place    | Note
-------+----------+-------------------------------------------
     0 | D:1      | NullDivider the Octopode Artificer began the quest for the Orb.
     0 | D:1      | Reached XP level 1. HP: 13/13 MP: 3/3
    53 | D:1      | Reached XP level 2. HP: 18/18 MP: 4/4
   715 | D:2      | Found a shadowy altar of Dithmenos.
   722 | D:2      | Reached XP level 3. HP: 19/23 MP: 5/5
  1393 | D:2      | Slain by a gnoll

Skill      XL: |  1  2 |
---------------+-------+-----
Stealth        | 2 |  2.9
Fighting       | |  1.6
Short Blades   | |  1.3
Dodging        | |  2.3
Evocations     | |  3.8

Action                   || total
-------------------------++-------
Melee: Short sword       ||    46
       Constrict         ||    16
       Tentacles         ||     9
Evoke: Wand              ||     1
 Stab: Sleeping          ||     7
  Eat: Chunk             ||     1
Armor: Skin              ||     3
Dodge: Dodged            ||    20
